 Dungeon Crawl Stone Soup version 0.26-a0-778-g3fe0686644 (webtiles) character file.

Game seed: 3426151094507406722

5477 Moral the Frost Mage (level 10, -1/81 HPs)
             Began as a Naga Ice Elementalist on Nov 10, 2020.
             Was an Elder of Cheibriados.
             Slain by a bullfrog skeleton (3 damage)
             ... on level 9 of the Dungeon.
             The game lasted 00:47:18 (18394 turns).

Moral the Frost Mage (Naga Ice Elementalist)       Turns: 18394, Time: 00:47:21

Health: -1/81      AC:  9    Str: 25    XL:     10   Next: 69%
Magic:  10/20      EV: 10    Int: 41    God:    Cheibriados [****..]
Gold:   488        SH:  0    Dex: 17    Spells: 10/22 levels left

rFire    x . .     SeeInvis +   b - +8 dagger of Purpose {vamp, Int+4}
rCold    + . .     Faith    .   (no shield)
rNeg     . . .     Spirit   .   D - +1 ring mail of Hedging {Int+9 Dex-4 SInv}
rPois    +         Reflect  .   k - +1 helmet
rElec    .         Harm     .   c - scarf {repulsion}
rCorr    .         Rampage  .   (no gloves)
MR       +....                  (no barding)
Stlth    ++........             (no amulet)
HPRegen  0.23/turn              f - ring of ice
MPRegen  0.17/turn              g - +6 ring of strength

@: repel missiles, very slow
A: large, see invisible, deformed body, poison resistance, slowness 2, spit
poison 1, AC +3
a: Spit Poison, Bend Time, Temporal Distortion, Slouch, Renounce Religion


You were on level 9 of the Dungeon.
You worshipped Cheibriados.
Cheibriados was greatly pleased with you.
You visited 2 branches of the dungeon, and saw 10 of its levels.

You collected 488 gold pieces.

Inventory:

Hand Weapons
 b - the +8 dagger of Purpose (weapon) {vamp, Int+4}
   (You found it on level 8 of the Dungeon)

   It inflicts no extra harm, but heals its wielder when it wounds a living foe.
   It affects your intelligence (+4).
Armour
 c - a scarf of repulsion (worn)
 k - a +1 helmet (worn)
 n - a +2 kite shield
 D - the +1 ring mail of Hedging (worn) {Int+9 Dex-4 SInv}
   (You found it on level 6 of the Dungeon)

   It affects your intelligence (+9).
   It affects your dexterity (-4).
   It lets you see invisible.
Jewellery
 f - a ring of ice (left hand)
 g - a +6 ring of strength (right hand)
 l - a +6 ring of strength
 A - a cursed -4 ring of strength
Wands
 v - a wand of iceblast (36)
 y - a wand of random effects (15)
Scrolls
 d - 5 scrolls of remove curse
 j - a scroll of immolation
 m - 2 scrolls of fear {unknown}
 o - 3 scrolls of magic mapping {unknown}
 p - 3 scrolls of enchant weapon {unknown}
 r - 3 scrolls of teleportation
 u - a scroll of fog {unknown}
 x - a scroll of noise {unknown}
 C - 2 scrolls of amnesia
Potions
 a - 4 potions of attraction
 e - a potion of brilliance
 h - 3 potions of lignification
 q - a potion of mutation
 s - 3 potions of might
 t - 5 potions of flight
 z - 3 potions of curing
 B - 2 potions of haste


   Skills:
 + Level 2.5 Fighting
 + Level 3.8 Short Blades
 + Level 4.0 Armour
 + Level 3.1 Dodging
 + Level 4.4 Stealth
 * Level 5.1 Shields
 + Level 6.7 Spellcasting
 + Level 1.1 Conjurations
 + Level 0.5 Summonings
 - Level 9.9 Ice Magic
 * Level 1.2 Invocations
 + Level 0.2 Evocations


You had 10 spell levels left.
You knew the following spells:

 Your Spells              Type           Power        Failure   Level
a - Freeze                Ice            ####         1%          1
b - Frozen Ramparts       Ice            ######       1%          3
c - Hailstorm             Conj/Ice       ######..     3%          4
d - Summon Ice Beast      Ice/Summ       ######..     4%          4

Your spell library contained the following spells:

 Spells                   Type           Power        Failure   Level
 Ozocubu's Armour         Ice            #######.     1%          3


Dungeon Overview and Level Annotations

Branches:
Dungeon (9/15)             Temple (1/1) D:4
   Lair: D:8-11         Orc: D:9-12

Altars:
Ashenzari
Cheibriados
Elyvilon
Gozag
Hepliaklqana
Kikubaaqudgha
Makhleb
Nemelex Xobeh
Okawaru
Qazlal
Ru
Sif Muna
Trog
Uskayaw
Vehumet
Wu Jian
Xom
Yredelemnul
Zin
The Shining One

Shops:
D:8 [

Annotations:
D:5 2 transporters, FieryCelt13's ghost, novice GrFi


Innate Abilities, Weirdness & Mutations

You cannot wear boots.
Your serpentine skin is tough. (AC +3)
You have supernaturally acute eyesight. (SInv)
Armour fits poorly on your strangely shaped body.
Your system is resistant to poisons. (rPois)
You cover ground very slowly.
You can spit poison.


Message History

Unknown command.
The wall freezes the troll!
The troll closely misses you. The troll claws you!
* * * LOW HITPOINT WARNING * * *
The troll claws you but does no damage.
Your ice beast hits the troll.
Your ice beast freezes the troll!
The frozen ramparts melt away.
You climb downwards.
Your summoned ally is left behind.
The bullfrog skeleton hits you but does no damage.
The worker ant zombie closely misses you.
The bullfrog skeleton barely misses you.
There is a stone staircase leading up, spattered with blood here.
Unknown command.
The bullfrog skeleton hits you but does no damage.
The worker ant zombie bites you but does no damage.
The troll bites you!
* * * LOW HITPOINT WARNING * * *
The troll claws you!
* * * LOW HITPOINT WARNING * * *
The troll claws you but does no damage. The bullfrog skeleton hits you.
You die...

.♣♣ .. ♣♣ ..
♣###♣. .# #
......##.## ..#
..........#o..#
.......Z.......
....)..@Z......
....?.TZ.......
...............
...............
.#.............
..#.........###
# #..........
#..../....#.


You could see a troll, an orc, a worker ant zombie and 2 bullfrog skeletons.

Vanquished Creatures
  3 yaks (D:8)
  A vampire mosquito (D:8)
  3 ice beasts
  4 orc warriors
  A sky beast (D:6)
  A black bear (D:8)
  9 ogres
  2 phantoms
  3 centaurs
  A big kobold (D:8)
  A bullfrog (D:7)
  2 scorpions
  21 killer bees
  5 wights (D:8)
  2 howler monkeys
  A bullfrog zombie (D:6)
  A quasit (D:6)
  A jelly (D:5)
  2 orc priests
  6 hounds
  4 orc wizards
  Terence (D:3)
  An iguana (D:4)
  5 worker ants
  A killer bee zombie (D:6)
  A hound skeleton (D:5)
  5 gnolls
  10 adders
  2 shadow imps
  3 white imps
  2 ufetubi
  An adder skeleton (D:8)
  A worm (D:3)
  3 dart slugs
  2 leopard geckos
  22 orcs
  A ball python (D:4)
  7 bats
  7 giant cockroaches
  10 goblins
  10 hobgoblins
  9 jackals
  9 kobolds
  4 quokkas
  A ball python skeleton (D:4)
  3 frilled lizards
  2 quokka skeletons (D:6)
  A quokka zombie (D:5)
  7 rats
205 creatures vanquished.

Vanquished Creatures (collateral kills)
  A hydra (D:8)
  A bullfrog (D:9)
  A killer bee (D:9)
3 creatures vanquished.

Vanquished Creatures (others)
  2 ogres (D:6)
  3 scorpions (D:6)
  An orc wizard (D:6)
  An adder (D:6)
  An orc (D:6)
  A plant (Temple)
9 creatures vanquished.

Grand Total: 217 creatures vanquished

Notes
Turn   | Place    | Note
-------+----------+-------------------------------------------
     0 | D:1      | Moral the Naga Ice Elementalist began the quest for the
                  | Orb.
     0 | D:1      | Reached XP level 1. HP: 15/15 MP: 3/3
    93 | D:1      | Reached XP level 2. HP: 8/22 MP: 0/5
   592 | D:1      | Reached XP level 3. HP: 28/28 MP: 6/6
   620 | D:1      | Learned a level 3 spell: Frozen Ramparts
  1270 | D:2      | Reached skill level 5 in Ice Magic
  1881 | D:2      | Reached XP level 4. HP: 34/36 MP: 4/7
  2135 | D:2      | Found a faded altar of an unknown god.
  2839 | D:3      | Noticed Terence
  2847 | D:3      | Killed Terence
  2847 | D:3      | Reached skill level 1 in Short Blades
  2848 | D:3      | Reached skill level 1 in Shields
  2848 | D:3      | Reached XP level 5. HP: 31/43 MP: 1/9
  3108 | D:3      | Found a sacrificial altar of Ru.
  3129 | D:3      | Found a sparkling altar of Nemelex Xobeh.
  3426 | D:3      | Reached XP level 6. HP: 45/50 MP: 4/11
  3501 | D:3      | Found a glowing silver altar of Zin.
  3720 | D:4      | Found a staircase to the Ecumenical Temple.
  3735 | Temple   | Entered the Ecumenical Temple
  4617 | D:4      | Found a burning altar of Makhleb.
  4845 | D:4      | Reached skill level 6 in Ice Magic
  4913 | D:4      | Reached XP level 7. HP: 36/56 MP: 7/12
  5250 | D:4      | Found a stormy altar of Qazlal.
  5706 | D:5      | Entered Level 5 of the Dungeon
  5750 | D:5      | Found a transporter.
  5750 | D:5      | Noticed FieryCelt13's ghost (novice GrFi)
  5816 | D:5      | Found a transporter.
  5864 | D:5      | Reached skill level 1 in Fighting
  6585 | D:5      | Found an ornate altar of the Wu Jian Council.
  6901 | D:5      | Reached XP level 8. HP: 26/64 MP: 0/14
  7428 | D:5      | Found a hide-covered altar of Uskayaw.
  7429 | D:5      | Found a shimmering blue altar of Sif Muna.
  7665 | D:6      | Found a snail-covered altar of Cheibriados.
  7685 | D:6      | Became a worshipper of Cheibriados the Contemplative
  7727 | D:6      | Found a burning altar of Makhleb.
  7729 | D:6      | Reached skill level 7 in Ice Magic
  7772 | D:6      | Got a jewelled ring mail
  7780 | D:6      | Identified the +1 ring mail of Hedging {Int+9 Dex-4 SInv}
                  | (You found it on level 6 of the Dungeon)
  8539 | D:6      | Found a shimmering altar of Xom.
  8672 | D:6      | Learned a level 4 spell: Hailstorm
  8828 | D:6      | Reached skill level 1 in Armour
  9267 | D:6      | Reached skill level 8 in Ice Magic
  9350 | D:6      | Reached skill level 5 in Spellcasting
  9350 | D:6      | Reached XP level 9. HP: 73/73 MP: 12/16
  9357 | D:6      | Reached * piety under Cheibriados
 10033 | D:7      | Found a glowing golden altar of the Shining One.
 10266 | D:7      | Found an iron altar of Okawaru.
 10344 | D:7      | Reached ** piety under Cheibriados
 11723 | D:8      | Reached skill level 9 in Ice Magic
 12279 | D:8      | Got a fading dagger
 12280 | D:8      | Identified the +8 dagger of Purpose {vamp, Int+4} (You
                  | found it on level 8 of the Dungeon)
 12430 | D:8      | Found Adwalu's Armour Boutique.
 12679 | D:8      | Noticed a six-headed hydra
 12706 | D:8      | Learned a level 4 spell: Summon Ice Beast
 12714 | D:8      | Killed a six-headed hydra
 12714 | D:8      | Reached XP level 10. HP: 34/81 MP: 10/19
 13139 | D:9      | Reached *** piety under Cheibriados
 13904 | D:8      | Reached skill level 1 in Conjurations
 15668 | D:8      | Reached **** piety under Cheibriados
 16254 | D:8      | Reached skill level 5 in Shields
 16397 | D:8      | Reached skill level 1 in Invocations
 18394 | D:9      | HP: 2/81 [troll (11)]
 18394 | D:9      | Slain by a bullfrog skeleton

Illustrated notes

Levels and vault maps discovered:
D:1:      minmay_arrival_diagonal_passages, layout_rooms, minmay_unequal
D:2:      layout_loops_corners, chequers_ecumenical_altar_simple
D:3:      layout_rooms, zin_treasury, old_standard_altar, nemelex_altar_shiori,
          cheibrodos_gnoll_hut, uniq_terence
D:4:      layout_cave_pods, kennysheep_mini, minmay_temple_entry_mini_moons,
          bloody_makhleb
D:5:      layout_cave_pools, gammafunk_temple_overflow_pools, marbit_many_paths,
          gammafunk_ghost_arena, wad_floor_pattern_untrapped
D:6:      layout_loops_corners, xom_confusion_cloud, cheibriados_altar_1,
          basic_altar
D:7:      layout_cave_pools, lemuel_doored_altar, lemuel_crystal_altar,
          nicolae_ossuary_entry_plus
D:8:      minmay_cornered_nines, layout_cave_pools, serial_shops, shop
D:9:      wad_woods_minihive, layout_cave_pools, nicolae_overflow_crystal_walls,
          grunt_dithmenos_smoke_and_mirrors, dpeg_oklobed_lair, lightli_minifort
Temple:   jpeg_temple_island

Skill      XL: |  1  2  3  4  5  6  7  8  9 10 |
---------------+-------------------------------+-----
Ice Magic      | 5 6 8 9 |  9.9
Short Blades   | 1 2 3 |  3.8
Shields        | 1 2 3 4 5 |  5.1
Spellcasting   | 3 4 5 6 |  6.7
Fighting       | 1 2 |  2.5
Dodging        | 2 3 |  3.1
Armour         | 1 2 4 |  4.0
Stealth        | 4 |  4.4
Conjurations   | 1 |  1.1
Invocations    | 1 |  1.2
Summonings     | |  0.5
Evocations     | |  0.2

Action                   |  1- 3 |  4- 6 |  7- 9 | 10-12 || total
-------------------------+-------+-------+-------+-------++-------
Melee: Short sword       |    27 |    41 |   177 |       ||   245
       Dagger            |       |       |    15 |     5 ||    20
 Cast: Freeze            |    24 |    30 |    87 |    32 ||   173
       Frozen Ramparts   |     4 |    17 |    46 |    10 ||    77
       Hailstorm         |       |       |    12 |     5 ||    17
       Summon Ice Beast  |       |       |     1 |    10 ||    11
 Abil: Spit Poison       |     7 |    13 |    15 |     1 ||    36
Evoke: Wand              |       |     1 |     2 |       ||     3
  Use: Scroll            |     4 |       |    14 |     1 ||    19
       Potion            |       |       |       |     4 ||     4
 Stab: Sleeping          |       |       |     1 |       ||     1
Armor: Robe              |    14 |    27 |    34 |       ||    75
       Ring mail         |       |       |   146 |   106 ||   252
       Skin              |       |       |       |    16 ||    16
Dodge: Dodged            |    23 |    46 |   158 |   135 ||   362

Table legend: (Time is in decaauts)
 A = Elapsed time spent in this place.
 B = Non-inter-level travel time spent in this place.
 C = Inter-level travel time spent in this place.
 D = Time resting spent in this place.
 E = Time spent auto-exploring this place.
 F = Levels seen in this place.
 G = Mean time per level.
                   A        B        C        D        E       F      G
               +--------+--------+--------+--------+--------+-----+--------+
         Total |  21613 |  20889 |    724 |   9615 |   8712 |  10 | 2161.3 |
       Dungeon |  21193 |  20469 |    724 |   9615 |   8379 |   9 | 2354.8 |
        Temple |    420 |    420 |      0 |      0 |    332 |   1 |  420.0 |
               +--------+--------+--------+--------+--------+-----+--------+

Top non-repeatable levels by time:
     D:8: 7580 daAuts
     D:6: 2842 daAuts
     D:5: 2187 daAuts
     D:7: 2120 daAuts
     D:4: 2045 daAuts
     D:2: 1777 daAuts
     D:3: 1557 daAuts
     D:1: 1025 daAuts
  Temple: 420 daAuts
     D:9: 55 daAuts
